 Dungeon Crawl Stone Soup version 0.17.1-3-g152610e (webtiles) character file.

118 Jerry the Shield-Bearer (level 4, 0/38 HPs)
             Began as a Draconian Fighter on Mar 30, 2016.
             Splashed by a jelly's acid (3 damage)
             ... on level 3 of the Dungeon.
             The game lasted 00:05:24 (2247 turns).

Jerry the Shield-Bearer (Draconian Fighter)         Turns: 2247, Time: 00:05:24

Health: 0/38       AC: -6    Str: 18    XL:     4   Next: 72%
Magic:  4/4        EV: 10    Int: 10    God:
Gold:   189        SH:  9    Dex: 10    Spells: 0 memorised, 3 levels left

rFire  . . .     SeeInvis .     a - +0 flail
rCold  + . .     Clarity  .     (armour unavailable)
rNeg   . . .     SustAt   .     b - +0 shield
rPois  +         Gourm    .     (helmet restricted)
rElec  .         Spirit   .     (no cloak)
rCorr  .         Warding  .     (no gloves)
rMut   .         Stasis   .     k - +0 pair of boots
MR     .....                    (no amulet)
Stlth  +.........               n - ring of protection from cold
                                f - ring of poison resistance

@: corroded equipment, not resistant to hostile enchantments, very unstealthy
A: unfitting armour, cold-blooded, AC +5
a: no special abilities


You were on level 3 of the Dungeon.
You were not hungry.

You visited 1 branch of the dungeon, and saw 3 of its levels.

You collected 189 gold pieces.

Inventory:

Hand Weapons
 a - a +0 flail (weapon)
 m - a +0 whip
Armour
 b - a +0 shield (worn)
 k - a +0 pair of boots (worn)
Jewellery
 f - a ring of poison resistance (left hand)
 n - a ring of protection from cold (right hand)
 w - an uncursed ring of flight
Scrolls
 e - 4 scrolls of identify {unknown}
 o - 2 scrolls of immolation {unknown}
 p - 2 scrolls of noise {unknown}
 r - a scroll of remove curse {unknown}
 t - 2 scrolls of enchant weapon {unknown}
 v - a scroll of fog {unknown}
Potions
 c - a potion of might
 h - a potion of lignification {unknown}
 i - a potion of mutation {unknown}
 j - a potion of degeneration {unknown}
 q - a potion of resistance {unknown}
 s - 2 potions of heal wounds {unknown}
 x - a potion of poison {unknown}
Comestibles
 d - 2 bread rations
 g - a royal jelly
 l - 4 fruits
 u - a chunk of flesh


   Skills:
 - Level 3.2 Fighting
 + Level 3.3 Maces & Flails
 + Level 3.5 Dodging
 + Level 4.0 Shields


You had 3 spell levels left.
You didn't know any spells.

Dungeon Overview and Level Annotations

Branches:
Dungeon (3/15)

Altars:


Innate Abilities, Weirdness & Mutations

Your plain brown scales are hard (AC +5).
Your body does not fit into most forms of armour.
You are cold-blooded and may be slowed by cold attacks.


Message History

Eating one of 2 chunks of flesh.
This raw flesh tastes terrible.
You continue eating. x2
A jelly comes into view.
The jelly quivers.
You block the jelly's attack.
You hit the jelly. The acid corrodes you!
Your hands burn!
The jelly is moderately wounded.
The jelly hits you.
You are splashed with acid!
The acid burns!
You block the jelly's attack.
You sock the jelly! The acid corrodes you!
Your hands burn!
The jelly is almost dead.
The jelly hits you.
You are splashed with acid!
The acid corrodes you!
The acid burns!
Your shield prevents you from hitting the jelly.
The jelly is almost dead.
The jelly hits you.
You are splashed with acid!
The acid burns!
* * * LOW HITPOINT WARNING * * *
You are too injured to fight recklessly!
You hit the jelly but do no damage.
Your hands burn!
You die...

#.##.# #...
#.##.# ####
#.##.# #.##.#
#.##.###########
#.##...........#
#.############.#
#########.# #.#
#.....J@..# #.#
#.#########
#########(#
#..).(.((..
#.#######.. #.#.
.... #.#.####...
#.#........
#.#...##...
#.#...##...


You could see a jelly.

Vanquished Creatures
  7 adders
  An ooze (D:2)
  A worm (D:3)
  5 bats
  2 giant cockroaches
  10 hobgoblins
  2 jackals (D:2)
  2 quokkas
  5 giant newts
  5 goblins
  8 kobolds
  4 rats
52 creatures vanquished.

Notes
Turn   | Place    | Note
--------------------------------------------------------------
     0 | D:1      | Jerry the Draconian Fighter began the quest for the Orb.
     0 | D:1      | Reached XP level 1. HP: 19/19 MP: 1/1
   165 | D:1      | Reached XP level 2. HP: 21/26 MP: 2/2
   780 | D:2      | Reached XP level 3. HP: 28/31 MP: 3/3
  1421 | D:2      | Reached XP level 4. HP: 38/38 MP: 4/4
  1961 | D:3      | Reached skill level 4 in Shields
  2247 | D:3      | Splashed by a jelly's acid

Action                   |  1- 3 |  4- 6 || total
-------------------------+-------+-------++-------
Melee: Flail             |    78 |    57 ||   135
       Whip              |    76 |       ||    76
 Stab: Sleeping          |     1 |       ||     1
  Eat: Chunk             |     2 |     3 ||     5
